AoeStats
← CaptainThomas

Golden Pit

503354988Analyzed
1v1 RM · 1mo ago on Aug 31, 2026· 25m 53s· 2 players
Game mode
Random Map
Map size
Tiny (2 player)
Population
200
Speed
Normal
Resources
Standard
Victory
Conquest
Starting age
Dark Age
Ending age
Imperial Age
RankedLock teamsTeams togetherTeam positionsShared explorationLock speedFull tech treeHidden civsTurbo modeCheats
Victory
Defeat
🇩🇪 Wei · Germany
2036
+3
🇫🇷 Malians · France
1667
-3
Andi
6:15 Loom
8:46 Feudal Age
9:20 Double-Bit Axe
9:20 Horse Collar
11:00 Wheelbarrow
15:24 Fletching
21:16 Castle Age
20:24 Gold Mining
20:36 Stone Mining
20:58 Bloodlines
22:06 Bow Saw
21:57 Heavy Plow
22:51 Bodkin Arrow
25:53 Stone Shaft Mining
25:53 Gold Shaft Mining
CaptainThomas
8:46 Loom
11:14 Feudal Age
16:47 Castle Age
23:22 Wheelbarrow
24:10 Scale Barding Armor
Connection lost

Rejoining the realm…

Still unreachable

The connection could not be restored.

Session expired

The server has moved on; the page needs a fresh start.